Warning! The script has encountered some errors when parsing the replay. Please report them to the . » details
0x72, prev: 0x19: 16 02 01 00 95 D7 00 00 C7 C6 17 00 19 75 [72] 64 6E FC AA 00 00 FC AA 00 00
0xD7, prev: 0x75: 16 02 07 00 61 BC 00 00 8B 40 01 00 7E 1F 00 00 4F 3E 01 00 87 AD 00 00 C6 9B 04 00 CD B3 00 00 15 D7 05 00 88 D1 00 00 D5 5E 05 00 D6 D2 00 00 A3 9B 04 00 55 D6 00 00 90 A2 05 00 19 79 72 63 75 06 [D7] 00 00 01 42 04 00 03 0F 00 10 42 00 70 69 68 65 FF FF FF FF FF FF FF FF
0x00, prev: 0xD7: 16 02 07 00 61 BC 00 00 8B 40 01 00 7E 1F 00 00 4F 3E 01 00 87 AD 00 00 C6 9B 04 00 CD B3 00 00 15 D7 05 00 88 D1 00 00 D5 5E 05 00 D6 D2 00 00 A3 9B 04 00 55 D6 00 00 90 A2 05 00 19 79 72 63 75 06 D7 00 [00] 01 42 04 00 03 0F 00 10 42 00 70 69 68 65 FF FF FF FF FF FF FF FF
0x42, prev: 0x00: 16 02 07 00 61 BC 00 00 8B 40 01 00 7E 1F 00 00 4F 3E 01 00 87 AD 00 00 C6 9B 04 00 CD B3 00 00 15 D7 05 00 88 D1 00 00 D5 5E 05 00 D6 D2 00 00 A3 9B 04 00 55 D6 00 00 90 A2 05 00 19 79 72 63 75 06 D7 00 00 01 [42] 04 00 03 0F 00 10 42 00 70 69 68 65 FF FF FF FF FF FF FF FF
0x00, prev: 0x42: 16 02 07 00 61 BC 00 00 8B 40 01 00 7E 1F 00 00 4F 3E 01 00 87 AD 00 00 C6 9B 04 00 CD B3 00 00 15 D7 05 00 88 D1 00 00 D5 5E 05 00 D6 D2 00 00 A3 9B 04 00 55 D6 00 00 90 A2 05 00 19 79 72 63 75 06 D7 00 00 01 42 04 [00] 03 0F 00 10 42 00 70 69 68 65 FF FF FF FF FF FF FF FF
0x6E, prev: 0x72: 16 02 01 00 95 D7 00 00 C7 C6 17 00 19 75 72 64 [6E] FC AA 00 00 FC AA 00 00
0xAA, prev: 0x6E: 16 02 01 00 95 D7 00 00 C7 C6 17 00 19 75 72 64 6E FC [AA] 00 00 FC AA 00 00
0x00, prev: 0xAA: 16 02 01 00 95 D7 00 00 C7 C6 17 00 19 75 72 64 6E FC AA 00 00 FC AA 00 [00]
0xAA, prev: 0x00: 16 02 01 00 95 D7 00 00 C7 C6 17 00 19 75 72 64 6E FC AA 00 00 FC [AA] 00 00
General information
- name: BNet
- type: Ladder team game (AT/RT)
- host: Battle.net
- saver: PROFESSOR.GENKI
map: FullScaleAssault
- players: 8
- length: 50:17
- speed: Fast
- version: 1.26 W3XP
- replay type: Public
» download(266 KB)
Players
team 1 (loser)

»
HolidayCoffee (
purple | 39 APM | 1767 actions | 45:02)
8 Crypt Lord
3 Impale
3 Spiked Carapace
1 Locust Swarm
1 Carrion Beetles
1 Keeper of the Grove
1 Entangling Roots
1 Demon Hunter
1 Mana Burn
» actions
| Basic commands | 12 | |
| Build / train | 108 | |
| Enter build submenu | 30 | |
| Enter hero's abilities submenu | 11 | |
| Remove unit from queue | 2 | |
| Right click | 1051 | |
| Select / deselect | 488 | |
| Use ability | 64 | |
1767 total
» units
| Acolyte | 10 | |
| Ghoul | 8 | |
| Crypt Fiend | 9 | |
| Gargoyle | 10 | |
| Frost Wyrm | 31 | |
| Abomination | 8 | |
| Obsidian Statue | 2 | |
78 total
» upgrades
| Web | 1 | |
| Burrow | 1 | |
| Creature Carapace | 1 | |
| Creature Attack | 1 | |
| Freezing Breath | 1 | |
| Disease Cloud | 1 | |
6 total
» buildings
| Ziggurat | 10 | |
| Altar of Darkness | 1 | |
| Crypt | 1 | |
| Nerubian Tower | 1 | |
| Graveyard | 1 | |
| Tomb of Relics | 1 | |
| Halls of the Dead | 1 | |
| Spirit Tower | 2 | |
| Black Citadel | 1 | |
| Slaughterhouse | 2 | |
| Sacrificial Pit | 1 | |
| Boneyard | 2 | |
| Necropolis | 1 | |
| Tree of Ages | 5 | |
| Hunter's Hall | 1 | |
31 total
» build order
00:14 Ziggurat
00:20 Altar of Darkness
00:49 Crypt
01:07 Nerubian Tower
01:40 Graveyard
01:56 Ziggurat
02:51 Ziggurat
03:50 Tomb of Relics
04:40 Ziggurat
05:40 Halls of the Dead
05:45 Ziggurat
07:22 Ziggurat
07:24 Spirit Tower
08:31 Black Citadel
08:34 Slaughterhouse
09:29 Sacrificial Pit
11:27 Boneyard
12:05 Boneyard
13:05 Ziggurat
20:48 Ziggurat
21:17 Slaughterhouse
22:55 Ziggurat
30:01 Necropolis
30:36 Ziggurat
32:04 Spirit Tower
37:34 Tree of Ages
37:34 Tree of Ages
37:34 Tree of Ages
37:34 Tree of Ages
41:31 Hunter's Hall
» items
SKYRIM-D. (
orange | 51 APM | 2548 actions | 50:15)
9 Mountain King
3 Storm Bolt
3 Bash
1 Avatar
2 Thunder Clap
1 Paladin
1 Divine Shield
» actions
| Assign group hotkey | 36 | |
| Basic commands | 289 | |
| Build / train | 151 | |
| Enter build submenu | 30 | |
| Enter hero's abilities submenu | 10 | |
| Give item / drop item | 4 | |
| Right click | 752 | |
| Select / deselect | 379 | |
| Select group hotkey | 684 | |
| Use ability | 213 | |
2548 total
» units
| Peasant | 20 | |
| Footman | 6 | |
| Goblin Shredder | 3 | |
| Goblin Zeppelin | 3 | |
| Hippogryph | 7 | |
| Gryphon Rider | 8 | |
| Mortar Team | 1 | |
| Siege Engine | 1 | |
49 total
» upgrades
| Masonry | 3 | |
| Lumber Harvesting | 1 | |
| Swords | 3 | |
| Armor | 2 | |
| Animal War Training | 1 | |
| Storm Hammers | 1 | |
| Flare | 1 | |
| Fragmentation Shards | 1 | |
| Barrage | 1 | |
| Flying Machine Bombs | 1 | |
| Flak Cannons | 1 | |
| Gunpowder | 2 | |
| Cloud | 1 | |
| Plating | 1 | |
20 total
» buildings
| Altar of Kings | 1 | |
| Barracks | 1 | |
| Farm | 12 | |
| Scout Tower | 103 | |
| Arcane Vault | 2 | |
| Arcane Tower | 1 | |
| Town Hall | 3 | |
| Lumber Mill | 1 | |
| Guard Tower | 43 | |
| Keep | 3 | |
| Blacksmith | 1 | |
| Castle | 4 | |
| Gryphon Aviary | 3 | |
| Workshop | 2 | |
| Arcane Sanctum | 1 | |
181 total
» build order
00:11 Altar of Kings
00:21 Barracks
00:37 Farm
00:52 Farm
01:34 Farm
01:53 Scout Tower
02:19 Arcane Vault
02:26 Arcane Tower
03:40 Town Hall
03:45 Scout Tower
03:47 Scout Tower
03:57 Farm
04:02 Lumber Mill
05:12 Scout Tower
05:13 Scout Tower
05:18 Guard Tower
06:52 Keep
06:52 Keep
06:58 Guard Tower
07:26 Scout Tower
07:27 Scout Tower
07:28 Scout Tower
07:29 Scout Tower
07:30 Scout Tower
07:31 Scout Tower
07:32 Scout Tower
07:34 Scout Tower
07:35 Scout Tower
07:36 Scout Tower
07:37 Scout Tower
07:38 Scout Tower
08:32 Guard Tower
08:59 Guard Tower
09:05 Blacksmith
09:26 Castle
09:26 Castle
09:51 Guard Tower
09:56 Farm
09:57 Farm
09:58 Farm
09:59 Farm
10:01 Farm
10:04 Farm
10:04 Farm
10:16 Town Hall
10:19 Scout Tower
10:19 Scout Tower
10:20 Scout Tower
10:20 Scout Tower
10:21 Scout Tower
10:21 Scout Tower
10:22 Scout Tower
10:58 Gryphon Aviary
10:58 Gryphon Aviary
11:00 Gryphon Aviary
11:08 Guard Tower
11:16 Scout Tower
11:16 Scout Tower
11:17 Scout Tower
11:18 Scout Tower
11:19 Scout Tower
11:19 Scout Tower
11:20 Scout Tower
11:45 Guard Tower
11:47 Guard Tower
12:38 Guard Tower
13:08 Guard Tower
13:08 Guard Tower
13:54 Scout Tower
13:54 Scout Tower
13:55 Scout Tower
13:55 Scout Tower
13:55 Scout Tower
13:56 Scout Tower
13:56 Scout Tower
13:56 Scout Tower
14:21 Guard Tower
14:23 Keep
14:45 Guard Tower
14:45 Guard Tower
14:52 Guard Tower
14:52 Guard Tower
15:05 Guard Tower
15:05 Guard Tower
16:37 Guard Tower
17:15 Castle
17:15 Castle
17:24 Scout Tower
17:24 Scout Tower
17:24 Scout Tower
17:25 Scout Tower
17:25 Scout Tower
17:26 Scout Tower
17:26 Scout Tower
17:26 Scout Tower
17:26 Scout Tower
17:27 Scout Tower
17:27 Scout Tower
17:28 Scout Tower
17:28 Scout Tower
17:28 Scout Tower
17:29 Scout Tower
17:29 Scout Tower
17:30 Scout Tower
17:40 Workshop
17:41 Workshop
18:32 Guard Tower
19:01 Guard Tower
19:02 Guard Tower
19:15 Guard Tower
19:44 Guard Tower
19:44 Guard Tower
19:54 Scout Tower
19:54 Scout Tower
19:55 Scout Tower
20:32 Guard Tower
20:41 Scout Tower
20:41 Scout Tower
20:42 Scout Tower
20:42 Scout Tower
20:42 Scout Tower
20:42 Scout Tower
20:43 Scout Tower
20:43 Scout Tower
20:44 Scout Tower
20:44 Scout Tower
20:46 Scout Tower
20:46 Scout Tower
20:48 Scout Tower
20:48 Scout Tower
20:49 Scout Tower
20:49 Scout Tower
21:03 Guard Tower
21:04 Guard Tower
21:20 Guard Tower
22:15 Guard Tower
22:35 Guard Tower
29:41 Arcane Vault
29:43 Scout Tower
29:43 Scout Tower
29:44 Scout Tower
30:40 Town Hall
30:41 Scout Tower
30:41 Scout Tower
30:42 Scout Tower
30:42 Scout Tower
30:42 Scout Tower
30:43 Scout Tower
30:43 Scout Tower
30:43 Scout Tower
30:44 Scout Tower
30:45 Scout Tower
30:45 Scout Tower
30:46 Scout Tower
30:46 Scout Tower
30:47 Scout Tower
30:48 Scout Tower
30:48 Scout Tower
31:09 Scout Tower
31:10 Scout Tower
31:50 Guard Tower
32:43 Guard Tower
32:46 Guard Tower
32:55 Arcane Sanctum
33:39 Guard Tower
» items
| Rod of Necromancy | 1 | |
| Scroll of Regeneration | 2 | |
| Lesser Clarity Potion | 1 | |
| Scroll of Town Portal | 6 | |
| Potion of Lesser Invulnerability | 2 | |
| Orb of Corruption | 1 | |
| Staff of Teleportation | 2 | |
15 total
xXTheYoshiXx (
yellow | 36 APM | 1808 actions | 50:15)
6 Goblin Alchemist
3 Acid Bomb
3 Chemical Rage
» actions
| Assign group hotkey | 24 | |
| Basic commands | 39 | |
| Build / train | 81 | |
| Enter build submenu | 22 | |
| Enter hero's abilities submenu | 6 | |
| Give item / drop item | 1 | |
| Remove unit from queue | 2 | |
| Right click | 1011 | |
| Select / deselect | 399 | |
| Select group hotkey | 92 | |
| Use ability | 131 | |
1808 total
» units
| Wisp | 20 | |
| Mountain Giant | 8 | |
| Druid of the Talon | 21 | |
| Goblin Zeppelin | 1 | |
50 total
» upgrades
| Reinforced Hides | 3 | |
| Druid of the Talon Training | 2 | |
| Hardened Skin | 1 | |
| Resistant Skin | 1 | |
| Mark of the Talon | 1 | |
| Strength of the Wild | 1 | |
9 total
» buildings
| Altar of Elders | 1 | |
| Moon Well | 8 | |
| Tree of Ages | 1 | |
| Hunter's Hall | 1 | |
| Ancient of Wind | 1 | |
| Ancient of Lore | 2 | |
| Ancient of Wonders | 1 | |
| Tree of Eternity | 1 | |
| Tree of Life | 3 | |
19 total
» build order
01:11 Altar of Elders
01:17 Moon Well
02:02 Tree of Ages
03:55 Hunter's Hall
04:51 Ancient of Wind
05:05 Ancient of Lore
05:14 Ancient of Wonders
05:43 Ancient of Lore
05:49 Moon Well
05:53 Moon Well
06:05 Moon Well
06:07 Moon Well
07:23 Tree of Eternity
09:54 Tree of Life
14:09 Moon Well
14:12 Moon Well
17:13 Moon Well
18:40 Tree of Life
22:51 Tree of Life
» items
| Boots of Speed | 1 | |
| Scroll of Town Portal | 2 | |
| Anti-magic Potion | 1 | |
| Periapt of Vitality | 1 | |
| Staff of Teleportation | 1 | |
6 total

»
whatraceareyou (
red | 50 APM | 510 actions | 10:16)
3 Demon Hunter
2 Immolation
1 Evasion
1 Keeper of the Grove
1 Force of Nature
» actions
| Assign group hotkey | 8 | |
| Build / train | 43 | |
| ESC pressed | 2 | |
| Enter build submenu | 13 | |
| Enter hero's abilities submenu | 4 | |
| Right click | 202 | |
| Select / deselect | 103 | |
| Select group hotkey | 106 | |
| Use ability | 29 | |
510 total
» units
| Wisp | 19 | |
| Huntress | 5 | |
| Hippogryph | 3 | |
27 total
» upgrades
| Strength of the Moon | 1 | |
| Ultravision | 1 | |
| Strength of the Wild | 1 | |
| Reinforced Hides | 1 | |
4 total
» buildings
| Altar of Elders | 1 | |
| Moon Well | 5 | |
| Ancient of War | 1 | |
| Hunter's Hall | 1 | |
| Tree of Ages | 3 | |
| Ancient of Wonders | 1 | |
| Tree of Life | 1 | |
| Ancient of Wind | 2 | |
| Tree of Eternity | 1 | |
16 total
» build order
00:32 Altar of Elders
00:36 Moon Well
00:52 Ancient of War
01:57 Hunter's Hall
02:12 Moon Well
03:31 Moon Well
04:36 Tree of Ages
04:36 Tree of Ages
04:37 Tree of Ages
05:10 Ancient of Wonders
05:43 Moon Well
06:25 Tree of Life
07:49 Ancient of Wind
07:52 Ancient of Wind
07:57 Moon Well
09:06 Tree of Eternity
team 2 (winner)

»
ixweqfoqcasca (
pink | 57 APM | 2042 actions | 35:49)
6 Archmage
3 Summon Water Elemental
2 Blizzard
1 Mass Teleport
» actions
| Assign group hotkey | 29 | |
| Build / train | 84 | |
| Enter build submenu | 34 | |
| Enter hero's abilities submenu | 6 | |
| Remove unit from queue | 5 | |
| Right click | 1167 | |
| Select / deselect | 287 | |
| Select group hotkey | 356 | |
| Use ability | 74 | |
2042 total
» units
| Peasant | 12 | |
| Footman | 6 | |
| Rifleman | 7 | |
| Priest | 5 | |
| Dragonhawk Rider | 10 | |
| Knight | 4 | |
| Gryphon Rider | -3 | |
41 total
» upgrades
| Defend | 1 | |
| Plating | 3 | |
| Long Rifles | 1 | |
| Gunpowder | 3 | |
| Lumber Harvesting | 2 | |
| Priest Training | 2 | |
| Sorceress Training | 2 | |
| Armor | 2 | |
| Cloud | 1 | |
| Swords | 2 | |
| Animal War Training | 1 | |
20 total
» buildings
| Altar of Kings | 1 | |
| Farm | 12 | |
| Barracks | 2 | |
| Lumber Mill | 1 | |
| Scout Tower | 5 | |
| Guard Tower | 4 | |
| Arcane Vault | 1 | |
| Keep | 1 | |
| Blacksmith | 1 | |
| Arcane Sanctum | 2 | |
| Castle | 1 | |
| Town Hall | 2 | |
| Gryphon Aviary | 2 | |
35 total
» build order
00:06 Altar of Kings
00:16 Farm
01:01 Barracks
01:22 Lumber Mill
02:09 Farm
02:49 Scout Tower
03:17 Guard Tower
03:30 Barracks
03:40 Farm
04:40 Farm
04:48 Arcane Vault
04:54 Keep
05:18 Blacksmith
06:01 Farm
06:50 Farm
07:46 Arcane Sanctum
07:49 Arcane Sanctum
08:27 Castle
09:40 Farm
10:42 Scout Tower
11:09 Guard Tower
12:40 Farm
14:07 Town Hall
14:21 Farm
15:02 Gryphon Aviary
17:19 Gryphon Aviary
21:29 Farm
22:09 Town Hall
22:59 Farm
24:13 Farm
31:20 Scout Tower
31:58 Guard Tower
33:45 Scout Tower
35:23 Guard Tower
35:29 Scout Tower
» items
| Scroll of Regeneration | 2 | |
| Mechanical Critter | 1 | |
| Potion of Healing | 1 | |
| Scroll of Town Portal | 1 | |
5 total
PROFESSOR.GENKI (
teal | 61 APM | 3062 actions | 50:17)
10 Archmage
3 Summon Water Elemental
3 Brilliance Aura
1 Mass Teleport
3 Blizzard
» actions
| Assign group hotkey | 111 | |
| Basic commands | 109 | |
| Build / train | 143 | |
| ESC pressed | 2 | |
| Enter build submenu | 70 | |
| Enter hero's abilities submenu | 10 | |
| Give item / drop item | 10 | |
| Remove unit from queue | 2 | |
| Right click | 1336 | |
| Select / deselect | 587 | |
| Select group hotkey | 568 | |
| Select subgroup | 3 | |
| Use ability | 110 | |
3062 total
» units
| Peasant | 10 | |
| Footman | 7 | |
| Goblin Shredder | 5 | |
| Gryphon Rider | 18 | |
| Goblin Zeppelin | 1 | |
| Siege Engine | 1 | |
| Mortar Team | 1 | |
| Blue Dragon | 2 | |
45 total
» upgrades
| Swords | 3 | |
| Masonry | 3 | |
| Animal War Training | 1 | |
| Backpack | 1 | |
| Storm Hammers | 1 | |
| Armor | 3 | |
| Lumber Harvesting | 2 | |
| Magic Sentry | 1 | |
| Gunpowder | 3 | |
| Plating | 3 | |
| Barrage | 1 | |
| Flak Cannons | 1 | |
| Flying Machine Bombs | 1 | |
| Fragmentation Shards | 1 | |
| Cloud | 1 | |
| Flare | 1 | |
| Long Rifles | 1 | |
| Defend | 1 | |
29 total
» buildings
| Altar of Kings | 2 | |
| Barracks | 1 | |
| Farm | 29 | |
| Keep | 3 | |
| Scout Tower | 27 | |
| Lumber Mill | 2 | |
| Blacksmith | 3 | |
| Arcane Tower | 2 | |
| Gryphon Aviary | 4 | |
| Castle | 4 | |
| Town Hall | 3 | |
| Arcane Vault | 1 | |
| Guard Tower | 42 | |
| Arcane Sanctum | 1 | |
| Workshop | 4 | |
128 total
» build order
00:07 Altar of Kings
00:09 Barracks
00:13 Farm
01:06 Farm
02:02 Farm
02:45 Keep
03:04 Scout Tower
03:43 Lumber Mill
03:46 Blacksmith
03:55 Arcane Tower
05:20 Gryphon Aviary
06:12 Castle
06:12 Castle
06:14 Gryphon Aviary
06:17 Farm
07:17 Town Hall
07:36 Arcane Vault
07:50 Farm
07:53 Farm
08:07 Scout Tower
09:27 Guard Tower
10:17 Farm
10:19 Farm
10:39 Scout Tower
10:41 Scout Tower
11:58 Guard Tower
12:50 Farm
12:51 Farm
13:00 Scout Tower
13:00 Scout Tower
13:01 Scout Tower
13:02 Scout Tower
14:08 Guard Tower
14:09 Guard Tower
14:20 Farm
14:23 Farm
17:09 Guard Tower
17:09 Guard Tower
17:12 Arcane Sanctum
17:16 Scout Tower
17:17 Scout Tower
17:35 Farm
17:36 Farm
17:44 Guard Tower
17:49 Guard Tower
18:04 Scout Tower
18:07 Scout Tower
18:34 Guard Tower
18:35 Guard Tower
20:13 Guard Tower
20:14 Guard Tower
20:47 Scout Tower
20:48 Scout Tower
20:51 Scout Tower
21:29 Guard Tower
22:22 Blacksmith
22:26 Workshop
22:28 Workshop
23:21 Farm
25:48 Guard Tower
25:48 Guard Tower
31:08 Town Hall
32:18 Farm
33:00 Scout Tower
33:01 Scout Tower
33:02 Scout Tower
33:03 Scout Tower
33:05 Scout Tower
33:06 Scout Tower
33:08 Scout Tower
33:34 Guard Tower
33:55 Guard Tower
33:55 Guard Tower
34:01 Scout Tower
34:02 Scout Tower
34:26 Guard Tower
34:27 Guard Tower
34:28 Guard Tower
34:35 Keep
34:35 Keep
34:40 Gryphon Aviary
34:41 Gryphon Aviary
35:18 Guard Tower
35:18 Guard Tower
35:20 Blacksmith
35:22 Lumber Mill
36:07 Guard Tower
36:07 Guard Tower
36:13 Guard Tower
36:16 Scout Tower
36:18 Scout Tower
36:20 Scout Tower
36:54 Guard Tower
36:54 Guard Tower
37:13 Guard Tower
37:13 Guard Tower
38:30 Guard Tower
38:30 Guard Tower
39:04 Altar of Kings
39:24 Town Hall
39:45 Castle
40:32 Workshop
40:34 Workshop
43:18 Farm
43:20 Farm
43:20 Farm
43:21 Farm
43:21 Farm
43:24 Farm
43:34 Farm
43:34 Farm
43:40 Farm
43:41 Farm
43:45 Farm
44:02 Farm
47:00 Farm
» items
| Boots of Speed | 1 | |
| Staff of Teleportation | 1 | |
| Scroll of Regeneration | 1 | |
| Scroll of Town Portal | 1 | |
4 total

»
whatisthispiss (
green | 26 APM | 925 actions | 35:31)
5 Paladin
3 Holy Light
2 Divine Shield
2 Archmage
1 Brilliance Aura
1 Summon Water Elemental
3 Mountain King
2 Storm Bolt
1 Thunder Clap
» actions
| Assign group hotkey | 30 | |
| Basic commands | 18 | |
| Build / train | 64 | |
| Enter build submenu | 23 | |
| Enter hero's abilities submenu | 11 | |
| Give item / drop item | 2 | |
| Right click | 256 | |
| Select / deselect | 251 | |
| Select group hotkey | 193 | |
| Use ability | 77 | |
925 total
» units
| Peasant | 10 | |
| Siege Engine | 20 | |
| Mortar Team | 3 | |
33 total
» upgrades
| Gunpowder | 2 | |
| Barrage | 1 | |
| Lumber Harvesting | 1 | |
4 total
» buildings
| Altar of Kings | 1 | |
| Farm | 12 | |
| Keep | 1 | |
| Blacksmith | 2 | |
| Arcane Vault | 1 | |
| Castle | 1 | |
| Workshop | 3 | |
| Lumber Mill | 1 | |
| Town Hall | 1 | |
23 total
» build order
00:10 Altar of Kings
00:34 Farm
02:05 Keep
02:17 Blacksmith
02:27 Blacksmith
02:59 Farm
03:42 Farm
03:48 Arcane Vault
04:56 Castle
05:01 Workshop
05:06 Workshop
05:38 Lumber Mill
06:12 Farm
07:49 Workshop
08:10 Farm
08:47 Farm
08:58 Farm
09:35 Farm
09:38 Farm
11:24 Farm
12:57 Farm
19:22 Town Hall
21:12 Farm
» items
| Orb of Fire | 2 | |
| Staff of Sanctuary | 1 | |
| Scroll of Town Portal | 5 | |
| Potion of Healing | 2 | |
| Potion of Mana | 1 | |
| Scroll of Regeneration | 1 | |
12 total

»
voldagar (
blue | 32 APM | 1237 actions | 38:42)
5 Blademaster
3 Wind Walk
1 Critical Strike
1 Mirror Image
» actions
| Assign group hotkey | 5 | |
| Basic commands | 13 | |
| Build / train | 81 | |
| Enter build submenu | 22 | |
| Enter hero's abilities submenu | 6 | |
| Give item / drop item | 2 | |
| Right click | 669 | |
| Select / deselect | 207 | |
| Select group hotkey | 168 | |
| Use ability | 64 | |
1237 total
» units
| Peon | 15 | |
| Grunt | 9 | |
| Shaman | 10 | |
| Tauren | 24 | |
58 total
» upgrades
» buildings
| Altar of Storms | 2 | |
| Orc Burrow | 7 | |
| Barracks | 1 | |
| War Mill | 1 | |
| Voodoo Lounge | 1 | |
| Stronghold | 1 | |
| Watch Tower | 3 | |
| Spirit Lodge | 1 | |
| Fortress | 1 | |
| Great Hall | 2 | |
| Tauren Totem | 1 | |
21 total
» build order
00:21 Altar of Storms
00:27 Orc Burrow
00:37 Altar of Storms
01:39 Barracks
02:36 Orc Burrow
02:42 War Mill
03:22 Voodoo Lounge
05:26 Orc Burrow
05:29 Stronghold
05:36 Watch Tower
08:50 Orc Burrow
08:59 Spirit Lodge
09:04 Fortress
10:06 Orc Burrow
10:42 Great Hall
11:22 Orc Burrow
11:48 Tauren Totem
14:10 Orc Burrow
14:19 Watch Tower
17:56 Watch Tower
21:05 Great Hall
» items
| Boots of Speed | 1 | |
| Potion of Healing | 5 | |
| Potion of Mana | 3 | |
| Orb of Lightning | 1 | |
| Scroll of Town Portal | 3 | |
13 total
Chat log
(01:10 / Allies) voldagar: hwy guys
(01:14 / Allies) voldagar: hey*
(01:29 / Allies) PROFESSOR.GENKI: sup
(03:06 / Allies) voldagar: rush?
(05:41 / Allies) PROFESSOR.GENKI: stop leeching please
(06:54 / Allies) voldagar: go away
(10:16 / All) PROFESSOR.GENKI: dumb nigger
(15:13 / Allies) whatisthispiss: gogogo
(16:23 / Allies) whatisthispiss: b?
(18:01 / Allies) whatisthispiss: 1down
(20:52 / Allies) whatisthispiss: tauren
(22:28 / Allies) whatisthispiss: les attack
(22:40 / Allies) voldagar: wait
(23:12 / Allies) whatisthispiss: all meet
(23:32 / Allies) whatisthispiss: blu come
(24:09 / Allies) whatisthispiss: teal we need your birds
(24:19 / Allies) PROFESSOR.GENKI: k
(24:30 / Allies) PROFESSOR.GENKI: they are gryphons, not birds
(26:29 / All) PROFESSOR.GENKI: gangbanged
(26:30 / All) PROFESSOR.GENKI: niggers
(28:56 / All) SKYRIM-D.: fucking niggers
(31:40 / All) voldagar: oj your apussy
(31:45 / All) SKYRIM-D.: lawl
(31:47 / All) SKYRIM-D.: suck my cock
(32:02 / All) voldagar: nah ill lick your vagina
(32:39 / Allies) voldagar: lets attack guys
(33:49 / All) whatisthispiss: use cloud
(35:39 / All) SKYRIM-D.: killing my team
(35:43 / All) PROFESSOR.GENKI: good
(37:14 / Allies) voldagar: wtf
(37:17 / Allies) PROFESSOR.GENKI: what
(37:34 / Allies) voldagar: fucking idiot
(37:41 / All) PROFESSOR.GENKI: fucking idiot- blue
(37:43 / All) PROFESSOR.GENKI: I killed his bm
(37:45 / All) SKYRIM-D.: lalw
(37:49 / All) SKYRIM-D.: tel blue im stabbing my team
(37:51 / All) SKYRIM-D.: they have no gold
(37:56 / All) PROFESSOR.GENKI: blue, oj is stabbing his team
(38:38 / All) voldagar: idiots for a idiotic game
(38:45 / All) PROFESSOR.GENKI: they are mad
(39:34 / All) SKYRIM-D.: oh really purple
(39:36 / All) SKYRIM-D.: lets see u try
(40:43 / All) PROFESSOR.GENKI: my tech is at an expo yellow
(40:46 / All) PROFESSOR.GENKI: you are doing nothing to me
(40:49 / All) PROFESSOR.GENKI: I have a 2nd castle
(41:39 / All) PROFESSOR.GENKI: how mad you are bro?
(41:55 / All) SKYRIM-D.: purp said hes "gonna rape my mom tonight"
(41:58 / All) HolidayCoffee: if i could see you two i would knock you the fuck out
(42:06 / All) PROFESSOR.GENKI: I weight 280 lbs of muscle
(42:08 / All) PROFESSOR.GENKI: try it, scrawny nerd
(42:14 / All) HolidayCoffee: im sure bitch
(44:35 / All) PROFESSOR.GENKI: god damn
(44:40 / All) PROFESSOR.GENKI: peasant woke creeps somehow
(48:40 / All) PROFESSOR.GENKI: lvl 10
(48:40 / All) SKYRIM-D.: lalw
(48:42 / All) SKYRIM-D.: raped
(48:42 / All) PROFESSOR.GENKI: ty my negro
(48:52 / All) SKYRIM-D.: yellow plz leave you embarassed urself
(48:58 / All) PROFESSOR.GENKI: out, yellow
(49:00 / All) PROFESSOR.GENKI: tie or loss
(49:01 / All) PROFESSOR.GENKI: your choice
(49:07 / All) xXTheYoshiXx: replay saved keys banned
(49:10 / All) PROFESSOR.GENKI: LOL
(49:14 / All) PROFESSOR.GENKI: blizzard doesn't care
(49:16 / All) PROFESSOR.GENKI: retard
(49:20 / All) xXTheYoshiXx: wast your time more im poking some smot
(49:26 / All) SKYRIM-D.: yellow you disgraced me with your performance
(49:29 / All) PROFESSOR.GENKI: you sound mad, dumbass stoner
(49:34 / All) PROFESSOR.GENKI: enjoying no lungs?
(49:52 / All) xXTheYoshiXx: lol loser
(50:13 / All) PROFESSOR.GENKI: better a loser than a dipshit who only does drugs and rots their brain to even more stupidity